 Dungeon Crawl Stone Soup version 0.20-a0-522-g0b37eee (webtiles) character file.

891 Klosterheim the Spear-Bearer (level 7, -6/66 HPs)
             Began as a Minotaur Fighter on Jan 26, 2017.
             Mangled by a two-headed ogre
             ... wielding a +0 giant spiked club
              (16 damage)
             ... on level 5 of the Dungeon.
             The game lasted 00:04:09 (3145 turns).

Klosterheim the Spear-Bearer (Minotaur Fighter)     Turns: 3145, Time: 00:04:11

Health: -6/66      AC:  9    Str: 24    XL:     7   Next: 77%
Magic:  6/6        EV:  5    Int:  5    God:
Gold:   181        SH:  9    Dex: 10    Spells: 6/6 levels left

rFire    . . .     SeeInvis .   a - +1 trident
rCold    . . .     Gourm    .   p - +0 chain mail
rNeg     . . .     Faith    .   c - +0 shield
rPois    .         Spirit   .   (helmet restricted)
rElec    .         Reflect  .   (no cloak)
rCorr    .         Harm     .   (no gloves)
MR       .....                  (no boots)
Stlth    ..........             (no amulet)
Regen    0.3/turn               (no ring)
                                e - +2 ring of strength

@: no status effects
A: retaliatory headbutt, horns 2
a: no special abilities


You were on level 5 of the Dungeon.
You were not hungry.

You visited 1 branch of the dungeon, and saw 5 of its levels.

You collected 181 gold pieces.

Inventory:

Hand Weapons
 a - a +1 trident (weapon)
Armour
 c - a +0 shield (worn)
 p - a +0 chain mail (worn)
Jewellery
 e - a +2 ring of strength (left hand)
Scrolls
 b - a scroll of amnesia {unknown}
 g - 2 scrolls of identify
 h - 2 scrolls of blinking {unknown}
 j - a scroll of noise {unknown}
 k - a scroll of teleportation
 q - a scroll of recharging {unknown}
Potions
 d - a potion of might
 i - 3 potions of flight {unknown}
 l - 4 potions of curing
 m - a potion of mutation {unknown}
 n - a potion of brilliance {unknown}
 r - a potion of lignification {unknown}
 s - a potion of ambrosia {unknown}
Comestibles
 f - 3 bread rations
 o - 4 chunks of flesh


   Skills:
 + Level 7.1 Fighting
 * Level 9.0 Polearms
 - Level 3.6 Armour
 - Level 3.6 Shields


You had 6 spell levels left.
You didn't know any spells.

Dungeon Overview and Level Annotations

Branches:
Dungeon (5/15)
 Temple: D:4-7

Altars:
Ashenzari
Cheibriados
Elyvilon
Fedhas
Kikubaaqudgha
Nemelex Xobeh


Innate Abilities, Weirdness & Mutations

You reflexively headbutt those who attack you in melee.
You have a pair of horns on your head.


Message History

You hit the two-headed ogre. You headbutt the two-headed ogre!
The two-headed ogre is heavily wounded.
You block the two-headed ogre's attack.
The two-headed ogre hits you but does no damage.
You hit the two-headed ogre but do no damage.
You headbutt the two-headed ogre, but do no damage.
The two-headed ogre is heavily wounded.
You puncture the two-headed ogre!
The two-headed ogre is almost dead.
The two-headed ogre hits you with a giant spiked club!!
The two-headed ogre hits you with a giant spiked club!
You are too injured to fight recklessly!
You are too injured to fight recklessly!
You hit the two-headed ogre.
You headbutt the two-headed ogre, but do no damage.
The two-headed ogre is almost dead.
The two-headed ogre hits you with a giant spiked club!!
* * * LOW HITPOINT WARNING * * *
The two-headed ogre hits you with a giant spiked club!
You die...

..........##
...........## ###...
............# #......
............#
##......# .<.........#
#.......# ...........#
#......#. #.........#
#........ #.........##
#......# #..........##
##@O...#
##..........###.....##
##....##.......#####
########.....##
#...### # #..##
##########.##
...........#
...........#


You could see a two-headed ogre.

Vanquished Creatures
  3 ogres
  2 centaurs (D:5)
  2 scorpions (D:4)
  A water moccasin skeleton (D:4)
  2 crimson imps (D:5)
  A centaur zombie (D:5)
  A hound (D:5)
  Jessica (D:3)
  An iguana (D:5)
  6 adders
  An ooze (D:2)
  3 worms
  A dart slug (D:1)
  4 leopard geckos
  3 orcs
  2 giant cockroaches (D:3)
  3 hobgoblins
  2 jackals (D:3)
  8 kobolds
  4 quokkas
  12 bats
  2 frilled lizards
  10 goblins
  A quokka skeleton (D:5)
  10 rats
86 creatures vanquished.

Notes
Turn   | Place    | Note
-------+----------+-------------------------------------------
     0 | D:1      | Klosterheim the Minotaur Fighter began the quest for the Orb.
     0 | D:1      | Reached XP level 1. HP: 19/19 MP: 0/0
   233 | D:1      | Reached XP level 2. HP: 27/27 MP: 1/1
   234 | D:1      | Reached skill level 3 in Polearms
   740 | D:2      | Found a white marble altar of Elyvilon.
   786 | D:2      | Found a shattered altar of Ashenzari.
   789 | D:2      | Reached XP level 3. HP: 33/33 MP: 2/2
   816 | D:2      | Found a faded altar of an unknown god.
   922 | D:2      | Reached skill level 4 in Polearms
   993 | D:2      | Found a sparkling altar of Nemelex Xobeh.
  1211 | D:3      | Reached XP level 4. HP: 35/41 MP: 3/3
  1351 | D:3      | Noticed Jessica
  1354 | D:3      | Killed Jessica
  1359 | D:3      | Reached skill level 5 in Polearms
  1770 | D:4      | Noticed an ogre
  1774 | D:4      | Killed an ogre
  1774 | D:4      | Reached skill level 5 in Fighting
  1774 | D:4      | Reached XP level 5. HP: 46/48 MP: 4/4
  1810 | D:4      | Reached skill level 6 in Polearms
  1827 | D:4      | Found a blossoming altar of Fedhas.
  1870 | D:4      | Reached XP level 6. HP: 42/56 MP: 5/5
  2162 | D:4      | Found a faded altar of an unknown god.
  2162 | D:4      | Found a snail-covered altar of Cheibriados.
  2167 | D:4      | Found a faded altar of an unknown god.
  2201 | D:4      | Found a blossoming altar of Fedhas.
  2203 | D:4      | Found an ancient bone altar of Kikubaaqudgha.
  2405 | D:5      | Entered Level 5 of the Dungeon
  2441 | D:5      | Reached skill level 7 in Polearms
  2472 | D:5      | Reached XP level 7. HP: 53/63 MP: 6/6
  2576 | D:5      | Reached skill level 8 in Polearms
  3112 | D:5      | Reached skill level 9 in Polearms
  3137 | D:5      | Noticed a two-headed ogre
  3145 | D:5      | Mangled by a two-headed ogre

Vault maps used:
D:1:      minmay_arrival_up_and_down
D:2:      lemuel_round_altar, first_bread,
          chequers_ecumenical_altar_simple_redux, minmay_liquid_box,
          kennysheep_flooded_box, lemuel_altar_in_water2
D:3:      kennysheep_path_1, uniq_jessica
D:4:      chequers_temple_overflow_minitemple, fedhas_altar_1
D:5:      kennysheep_generic_room_16

Skill      XL: |  1  2  3  4  5  6  7 |
---------------+----------------------+-----
Fighting       | 4 5 6 7 |  7.1
Polearms       | 3 4 5 6 7 9 |  9.0
Armour         | |  3.6
Shields        | |  3.6

Action                   |  1- 3 |  4- 6 |  7- 9 || total
-------------------------+-------+-------+-------++-------
Melee: Trident           |    93 |   110 |    62 ||   265
       Headbutt          |     8 |    20 |    12 ||    40
  Use: Scroll            |     5 |       |       ||     5
 Stab: Sleeping          |     1 |       |       ||     1
  Eat: Chunk             |     1 |     4 |     2 ||     7
Armor: Scale mail        |    20 |       |       ||    20
       Chain mail        |     4 |    34 |    16 ||    54
Dodge: Dodged            |    22 |    12 |     5 ||    39
Block: Shield            |    28 |    38 |    17 ||    83
